 Dungeon Crawl Stone Soup version 0.20-a0-454-g2b43fbb (webtiles) character file.

296 HarleyQuinn the Cudgeler (level 6, 0/66 HPs)
             Began as a Demonspawn Gladiator on Jan 9, 2017.
             Slain by a kobold (2 damage)
             ... on level 3 of the Dungeon.
             The game lasted 00:03:57 (3106 turns).

HarleyQuinn the Cudgeler (Demonspawn Gladiator)     Turns: 3106, Time: 00:03:58

Health: 0/66       AC: 23    Str: 15    XL:     6   Next: 12%
Magic:  6/6        EV:  2    Int: 11    God:
Gold:   130        SH:  0    Dex: 14    Spells: 5/5 levels left

rFire  . . .     SeeInvis +     o - +0 whip (pain)
rCold  . . .     Gourm    +     (armour currently unavailable)
rNeg   + + +     Faith    .     (no shield)
rPois  +         Spirit   .     (helmet currently unavailable)
rElec  .         Reflect  .     (cloak currently unavailable)
rCorr  .         Harm     .     (gloves currently unavailable)
MR     +....     NoTele   +     (boots currently unavailable)
Stlth  +++.......               p - amulet of the gourmand
                                u - ring of see invisible
                                m - ring of protection from magic

@: tree-form (expiring)
A: (fire resistance 0), nightstalker 2, flame cloud immunity
a: no special abilities


You were on level 3 of the Dungeon.
You were very full.
You were a tree.
You visited 1 branch of the dungeon, and saw 3 of its levels.

You collected 130 gold pieces.

Inventory:

Hand Weapons
 a - a +0 quarterstaff
 o - a +0 whip of pain (weapon)
Missiles
 d - 3 throwing nets (quivered)
Armour
 b - a +0 leather armour
 c - a +0 pair of boots (melded)
 g - a +0 robe (melded)
 s - a +1 hat (melded)
Magical Staves
 e - an uncursed staff of conjuration {unknown}
Jewellery
 h - an uncursed amulet of magic regeneration
 k - an uncursed ring of ice
 m - a ring of protection from magic (left branch)
 p - an amulet of the gourmand (around neck)
 u - a ring of see invisible (right branch)
 y - an uncursed amulet of guardian spirit {unknown}
Scrolls
 i - 4 scrolls of remove curse {unknown}
 j - a scroll of blinking {unknown}
 l - a scroll of fear {unknown}
 n - 4 scrolls of identify {unknown}
 r - 2 scrolls of teleportation {unknown}
 w - 2 scrolls of enchant armour {unknown}
 x - a scroll of recharging {unknown}
Potions
 q - a potion of lignification
Comestibles
 f - 3 bread rations
 t - a royal jelly
 z - 3 meat rations
 A - a chunk of flesh


   Skills:
 - Level 2.0 Fighting
 + Level 5.4(5.8) Maces & Flails
 - Level 2.9(4.5) Staves
 - Level 1.7 Throwing
 - Level 2.6 Dodging


You had 5 spell levels left.
You didn't know any spells.

Dungeon Overview and Level Annotations

Branches:
Dungeon (3/15)

Altars:
Ashenzari
Elyvilon


Innate Abilities, Weirdness & Mutations

((Your flesh is heat resistant. (rF+)))
You are significantly more attuned to the shadows.
You are immune to clouds of flame.


Message History

The kobold hits you but does no damage.
You hit the orc but do no damage.
The orc is severely wounded.
The orc hits you but does no damage. The kobold hits you but does no damage.
The orc hits you but does no damage. x2
You hit the orc but do no damage.
The orc is severely wounded.
The kobold hits you but does no damage.
You hit the orc but do no damage.
The orc is severely wounded.
The orc barely misses you. The orc hits you but does no damage.
The orc barely misses you.
You barely miss the orc.
The orc is severely wounded.
Your transformation is almost over.
The kobold hits you but does no damage. The orc hits you but does no damage. x3
You barely miss the orc.
The orc is severely wounded.
The kobold hits you.
You die...

....oo...................
...o.#...######..........
.....#...# ###.##.....
.....#...# #.##.....
.....#...# #.....###
.....#...# ##.......
#...# #....... #o†K#
#....... #o♣o# ...#.....
#.^.# ......... #...#
#####


You could see 3 orcs and a kobold.

Vanquished Creatures
  Sigmund (D:3)
  An orc priest (D:3)
  Jessica (D:3)
  2 adders (D:2)
  2 oozes (D:2)
  2 worms (D:2)
  A dart slug (D:1)
  A leopard gecko (D:2)
  2 orcs (D:3)
  A ball python (D:1)
  7 bats
  2 giant cockroaches (D:2)
  7 goblins
  2 jackals (D:2)
  5 frilled lizards
  4 kobolds
  9 rats
50 creatures vanquished.

Notes
Turn   | Place    | Note
-------+----------+-------------------------------------------
     0 | D:1      | HarleyQuinn the Demonspawn Gladiator began the quest for the Orb.
     0 | D:1      | Reached XP level 1. HP: 16/16 MP: 1/1
   285 | D:1      | Reached skill level 1 in Maces & Flails
   288 | D:1      | Gained mutation: You are slightly more attuned to the shadows. [demonic ancestry]
   288 | D:1      | Reached XP level 2. HP: 22/22 MP: 2/2
   923 | D:2      | Reached skill level 2 in Maces & Flails
  1005 | D:2      | Gained mutation: Your flesh is heat resistant. (rF+) [demonic ancestry]
  1005 | D:2      | Reached XP level 3. HP: 27/27 MP: 3/3
  1640 | D:2      | Found a shattered altar of Ashenzari.
  2057 | D:2      | Reached skill level 3 in Maces & Flails
  2101 | D:2      | Gained mutation: You are significantly more attuned to the shadows. [demonic ancestry]
  2101 | D:2      | Reached XP level 4. HP: 25/33 MP: 4/4
  2539 | D:3      | Noticed Jessica
  2568 | D:3      | Killed Jessica
  2806 | D:3      | Found a white marble altar of Elyvilon.
  2859 | D:3      | Noticed Sigmund
  2873 | D:3      | Killed Sigmund
  2873 | D:3      | Reached skill level 5 in Maces & Flails
  2873 | D:3      | Gained mutation: You are immune to clouds of flame. [demonic ancestry]
  2873 | D:3      | Reached XP level 5. HP: 31/38 MP: 5/5
  3029 | D:3      | Reached XP level 6. HP: 44/44 MP: 6/6
  3095 | D:3      | HP: 2/66 [orc/flail (3)]
  3106 | D:3      | Slain by a kobold

Vault maps used:
D:1:      minmay_arrival_stair_chambers, hangedman_abyss_or_decor_stabs
D:2:      nicolae_ashenzari_panopticon
D:3:      elyvilon_altar_3, uniq_jessica, uniq_sigmund, uniq_natasha

Skill      XL: |  1  2  3  4 |
---------------+-------------+-----
Maces & Flails | 1 2 3 5 |  5.4
Fighting       | |  2.0
Staves         | |  2.9
Throwing       | |  1.7
Dodging        | |  2.6

Action                   |  1- 3 |  4- 6 || total
-------------------------+-------+-------++-------
Melee: Whip              |   192 |    90 ||   282
       Quarterstaff      |     8 |       ||     8
  Use: Potion            |       |     4 ||     4
 Stab: Sleeping          |       |     4 ||     4
  Eat: Chunk             |    14 |     4 ||    18
Armor: Chain mail        |   134 |     2 ||   136
       Robe              |       |     7 ||     7
       Leather armour    |       |     1 ||     1
       Skin              |       |   106 ||   106
Dodge: Dodged            |    73 |    30 ||   103
